 Dungeon Crawl Stone Soup version 0.27-a0-1595-g0b823d0a13 (webtiles) character file.

Game seed: 16753382471976032271

54 HAL9000 the Sneak (level 3, -1/18 HPs)
             Began as a Vine Stalker Brigand on July 20, 2021.
             Slain by Sigmund (9 damage)
             ... on level 2 of the Dungeon.
             The game lasted 00:01:50 (1607 turns).

HAL9000 the Sneak (Vine Stalker Brigand)            Turns: 1607, Time: 00:01:51

Health: -1/18      AC:  8    Str: 14    XL:     3   Next: 91%
Magic:  0/4        EV: 11    Int: 11    God:
Gold:   45         SH:  0    Dex: 15    Spells: 2/2 levels left

rFire    . . .     SeeInvis .   a - +2 dagger
rCold    . . .     Faith    .   (no shield)
rNeg     . . .     Spirit   +   b - +0 robe
rPois    .         Reflect  .   k - +2 helmet
rElec    .         Harm     .   c - +0 cloak
rCorr    .         Rampage  .   (no gloves)
Will     .....                  n - +1 pair of boots
Stlth    +.........             (no amulet)
HPRegen  0.06/turn              (no ring)
MPRegen  0.09/turn              (no ring)

@: confused
A: fangs 2, magic shield, antimagic bite, no potion heal 2
a: no special abilities


You were on level 2 of the Dungeon.
You visited 1 branch of the dungeon, and saw 2 of its levels.

You collected 45 gold pieces.

Inventory:

Hand Weapons
 a - a +2 dagger (weapon)
Missiles
 d - 7 poisoned darts (quivered)
 e - 2 curare-tipped darts
 f - a throwing net
 j - 6 datura-tipped darts
 o - 7 javelins
Armour
 b - a +0 robe (worn)
 c - a +0 cloak (worn)
 k - a +2 helmet (worn)
 n - a +1 pair of boots (worn)
Jewellery
 h - an amulet of reflection
Scrolls
 g - a scroll of teleportation {unknown}
 i - a scroll of torment {unknown}
 l - a scroll of fog {unknown}
 m - a scroll of immolation {unknown}
Potions
 p - a potion of might {unknown}
 q - a potion of lignification {unknown}


   Skills:
 - Level 1.7 Fighting
 - Level 1.7 Short Blades
 + Level 3.7 Throwing
 - Level 0.7 Dodging
 - Level 4.8 Stealth


You had 2 spell levels left.
You didn't know any spells.
Your spell library contained the following spells:

 Spells                   Type           Power      Damage    Failure   Level
 Poisonous Vapours        Pois/Air       0%         N/A       47%         2
 Mephitic Cloud           Conj/Pois/Air  0%         N/A       71%         3
 Freezing Cloud           Conj/Ice/Air   0%         6-21      100%        5


Dungeon Overview and Level Annotations

Branches:
Dungeon (2/15)

Altars:

Annotations:
D:2 Sigmund


Innate Abilities, Weirdness & Mutations

You have extremely sharp teeth.
When hurt, damage is shared between your health and your magic reserves.
Your bite disrupts and absorbs the magic of your enemies.
Potions cannot restore your health.


Message History

The bat hits you but does no damage. The bat barely misses you.
The bat hits you but does no damage.
You hit the bat.
You kill the bat!
No target in view!
You see here a bat corpse.
There is a stone staircase leading down here.
There is an open door here.
Found a book of Vapours.
You pick up a book of Vapours and begin reading...
You add the spells Poisonous Vapours, Mephitic Cloud and Freezing Cloud to your library.
Found 21 arrows.
Sigmund the Dreaded comes into view.
He is wielding a +0 scythe.
Sigmund shouts!
Sigmund gestures at you while chanting.
You are confused.
You are too confused!
Unknown command.
Sigmund barely misses you.
You're too confused to move!
Sigmund hits you from afar with a +0 scythe.
Sigmund hits you from afar with a +0 scythe.
You're too confused to move!
Sigmund casts a spell.
Sigmund flickers and vanishes!
Deactivating autopickup; reactivate with Ctrl-A.
You're too confused to move!
Something hits you.
You bump into the rock wall.
You feel less confused. Something hits you but does no damage.
You hear some strange, mumbled words.
You are confused.
Something hits you.
You feel less confused.
You hear some strange, mumbled words.
You are confused.
Something hits you. Something hits you!
Ouch! That really hurt!
You die...

#.#####'#..........###.#.#.####
#..............................
#.####...#..#............#.####
#....'.............[.......# #
#...##....#.#............... #
#..####.#.#.#................ .
#.#..####.#.#.#.......#..#.##.#
# ..................#......#.#
# #.##.##.###.....@.....#.....
. #. #.##.#####.#.............
# #.##...........#...#....#
#.###.##........#....# #.#
#.###.#.#......... #.# #.#
#.#.#...#.##. #.#
#.###.#.#......... #..
..............##.# #.#
#(###.#.#........


There were no monsters in sight!

Vanquished Creatures
  A worm (D:2)
  3 dart slugs
  2 ball pythons (D:1)
  3 bats
  3 endoplasms (D:1)
  3 goblins
  6 hobgoblins
  4 jackals (D:2)
  7 kobolds
  3 quokkas
  6 frilled lizards
41 creatures vanquished.

Notes
Turn   | Place    | Note
-------+----------+-------------------------------------------
     0 | D:1      | HAL9000 the Vine Stalker Brigand began the quest for the
                  | Orb.
     0 | D:1      | Reached XP level 1. HP: 11/11 MP: 2/2
   281 | D:1      | Reached XP level 2. HP: 14/15 MP: 3/3
   491 | D:1      | Found a faded altar of an unknown god.
   693 | D:1      | Reached XP level 3. HP: 17/18 MP: 4/4
  1585 | D:2      | Noticed Sigmund
  1607 | D:2      | Slain by Sigmund

Illustrated notes

Levels and vault maps discovered:
D:1:      dpeg_arrival_pits, layout_loops_cross,
          dreamdust_ecumenical_altar_statues, minmay_misc_feat_four_crosses,
          minmay_pentomino_p4
D:2:      layout_basic, uniq_sigmund

Skill      XL: |  1  2 |
---------------+-------+-----
Throwing       | 2 3 |  3.7
Fighting       | |  1.7
Short Blades   | |  1.7
Dodging        | |  0.7
Stealth        | |  4.8

Action                   || total
-------------------------++-------
Melee: Dagger            ||    95
       Bite              ||    19
Throw: Dart              ||    14
 Stab: Sleeping          ||     8
Armor: Robe              ||    24
Dodge: Dodged            ||    50

Table legend: (Time is in decaauts)
 A = Elapsed time spent in this place.
 B = Non-inter-level travel time spent in this place.
 C = Inter-level travel time spent in this place.
 D = Time resting spent in this place.
 E = Time spent auto-exploring this place.
 F = Levels seen in this place.
 G = Mean time per level.
                   A        B        C        D        E       F      G
               +--------+--------+--------+--------+--------+-----+--------+
         Total |   1596 |   1556 |     40 |    277 |    961 |   2 |  798.0 |
       Dungeon |   1596 |   1556 |     40 |    277 |    961 |   2 |  798.0 |
               +--------+--------+--------+--------+--------+-----+--------+

Top non-repeatable levels by time:
     D:1: 1122 daAuts
     D:2: 474 daAuts
